cohdb
Replays
Latest Replays
All Replays
Popular Replays
Top Player Replays
Match Explorer
How It Works
Community
CoH3 Stats
Reddit
Sign in to upload your games and track your stats! →
Sign in with Steam
Match 43789161
Unlisted
Match 43789161
Overview
Messages
Build Orders
End
Engineer Squad
Construct Barracks
M1 Mortar Team
Selects Airborne Battlegroup
Selects Heavy Machine Gun Paradrop
Heavy Machine Gun Paradrop
Riflemen Squad
Selects Paratrooper Squad Paradrop
Paratrooper Squad Paradrop
Paratrooper Squad Paradrop
Mechanized Support Center
haha101
{]-KAANUUN-[}
Huelebragas
iudex_et_carnifex
anioki
Boujgie Rat
0
0
Comments
sign in to comment!
No comments posted yet!